 Dungeon Crawl Stone Soup version 0.24-a0-736-g4e6fe308c7 (webtiles) character file.

Game seed: 939686030329251545, levelgen mode: deterministic

394 Kohma the Conjurer (level 6, 0/51 HPs)
             Began as a Draconian Conjurer on Oct 2, 2019.
             Slain by an adder (5 damage)
             ... in a sewer.
             The game lasted 00:08:45 (3265 turns).

Kohma the Conjurer (Draconian Conjurer)             Turns: 3265, Time: 00:08:46

Health: 0/51       AC:  8    Str: 11    XL:     6   Next: 52%
Magic:  6/11       EV: 12    Int: 17    God:
Gold:   38         SH:  0    Dex: 11    Spells: 9/12 levels left

rFire    . . .     SeeInvis .   n - +7 club
rCold    . . .     Gourm    .   (no shield)
rNeg     . . .     Faith    .   (armour unavailable)
rPois    .         Spirit   .   (helmet restricted)
rElec    .         Reflect  .   v - +1 cloak
rCorr    .         Harm     .   (no gloves)
MR       .....                  (no boots)
Stlth    ++........             (no amulet)
HPRegen  0.17/turn              (no ring)
MPRegen  0.12/turn              (no ring)

@: lethally poisoned (0 -> -11), berserk cooldown, slowed, very slow
A: unfitting armour, cold-blooded, AC +6
a: no special abilities


You were in a sewer.
You were not hungry.

You visited 1 branch of the dungeon, and saw 3 of its levels.
You also visited: Sewer.

You collected 38 gold pieces.

Inventory:

Hand Weapons
 n - a +7 club (weapon)
Missiles
 a - 29 stones
 j - 18 poisoned darts (quivered)
 k - 20 arrows
 q - 7 atropa-tipped darts
 t - 6 boomerangs
Armour
 v - a +1 cloak (worn)
Scrolls
 c - a scroll of magic mapping
 e - 2 scrolls of teleportation {unknown}
 g - a scroll of remove curse
 h - a scroll of enchant weapon {unknown}
 i - a scroll of enchant armour
 o - a scroll of immolation {unknown}
 p - a scroll of amnesia {unknown}
 u - a scroll of random uselessness {unknown}
 w - a scroll of blinking {unknown}
Potions
 f - a potion of heal wounds
 m - a potion of might
 r - a potion of invisibility
 s - a potion of lignification
Comestibles
 b - 6 rations
 d - 11 chunks of flesh


   Skills:
 + Level 3.4 Fighting
 - Level 1.7 Dodging
 - Level 1.7 Stealth
 + Level 3.5 Spellcasting
 * Level 6.2 Conjurations


You had 9 spell levels left.
You knew the following spells:

 Your Spells              Type           Power        Failure   Level  Hunger
a - Magic Dart            Conj           ###.         1%          1    None
b - Searing Ray           Conj           ###...       1%          2    ##.....

Your spell library contained the following spells:

 Spells                   Type           Power        Failure   Level  Hunger
 Iskenderun's Mystic Bla  Conj           ###.....     12%         4    ####...
 Dazzling Spray           Conj/Hex       ##....       14%         3    ###....
 Force Lance              Conj/Tloc      ##......     41%         4    ####...
 Fulminant Prism          Conj/Hex       ##........   41%         4    ####...


Dungeon Overview and Level Annotations

Branches:
Dungeon (3/15)              Sewer (1/1)

Altars:


Innate Abilities, Weirdness & Mutations

Your plain brown scales are hard. (AC +6)
You cannot fit into any form of body armour.
You are cold-blooded and may be slowed by cold attacks.


Message History

* * * LOW HITPOINT WARNING * * *
You feel sick. The river rat barely misses you. The rat bites you.
* * * LOW HITPOINT WARNING * * *
The adder bites you but does no damage.
You closely miss the adder.
Your tail-slap misses the adder.
* * * LOW HITPOINT WARNING * * *
You feel very sick. The river rat closely misses you.
The rat closely misses you. The adder barely misses you.
The river rat bites you but does no damage.
The rat bites you but does no damage. The adder bites you but does no damage.
You hit the adder.
The adder is moderately wounded.
* * * LOW HITPOINT WARNING * * *
You feel very sick. The adder bites you.
* * * LOW HITPOINT WARNING * * *
The river rat barely misses you. The rat bites you but does no damage.
The adder bites you.
You die...

#.†....#
##....##
#≈≈≈≈≈≈#
#≈≈≈≈≈≈#
#≈≈†≈≈≈#
#≈≈≈≈≈≈#
#≈≈≈≈≈≈#
#≈≈≈≈≈≈#
#≈÷≈≈≈≈#
#≈≈≈≈≈≈#
#≈≈≈≈≈≈#
#≈≈≈≈≈≈#
#≈....##
#≈≈≈≈≈≈#
#≈...r.#
#.≈#≈≈≈#
##..S@≈#
#≈≈≈≈≈≈#
#≈≈≈≈≈r#
#≈≈≈≈≈≈#
#≈≈≈≈≈≈#
#≈≈≈≈≈≈#
#≈≈≈≈≈≈#
#≈≈≈≈≈≈#
#≈≈≈≈≈≈#
#≈≈≈≈≈≈#
#≈≈≈≈≈≈#
#≈≈÷≈≈≈#
#≈≈≈≈≈≈#
#≈≈≈÷≈≈#
#≈≈≈≈≈≈#####
#≈≈≈÷≈≈#
##.....##..#
##....##


You could see an adder, a river rat and a rat.

Vanquished Creatures
  Sigmund (D:2)
  Crazy Yiuf (D:2)
  An iguana (D:1)
  Robin (D:1)
  An adder (Sewer)
  5 river rats (Sewer)
  An ooze (Sewer)
  6 worms
  2 dart slugs (D:1)
  3 leopard geckos
  11 bats
  3 giant cockroaches
  12 goblins
  8 hobgoblins
  5 jackals
  6 ball pythons
  6 frilled lizards
  2 kobolds
  26 rats
101 creatures vanquished.

Notes
Turn   | Place    | Note
-------+----------+-------------------------------------------
     0 | D:1      | Kohma the Draconian Conjurer began the quest for the Orb.
     0 | D:1      | Reached XP level 1. HP: 14/14 MP: 3/3
   396 | D:1      | Reached XP level 2. HP: 22/22 MP: 3/5
   400 | D:1      | Learned a level 2 spell: Searing Ray
   529 | D:1      | Reached skill level 1 in Fighting
  1355 | D:2      | Reached XP level 3. HP: 27/28 MP: 2/6
  1440 | D:2      | Noticed Robin
  1470 | D:1      | Reached XP level 4. HP: 27/36 MP: 0/7
  1551 | D:1      | Killed Robin
  1721 | D:1      | Reached skill level 5 in Conjurations
  2275 | D:2      | Noticed Sigmund
  2288 | D:2      | Killed Sigmund
  2288 | D:2      | Reached XP level 5. HP: 45/45 MP: 0/9
  2382 | D:2      | Reached XP level 6. HP: 41/51 MP: 6/10
  2710 | D:2      | Found a runed translucent door.
  2711 | D:2      | Noticed Crazy Yiuf
  2718 | D:2      | Killed Crazy Yiuf
  2718 | D:2      | Reached skill level 6 in Conjurations
  2870 | D:3      | Found a glowing drain.
  2903 | Sewer    | Entered a sewer
  3265 | Sewer    | Slain by an adder

Levels and vault maps discovered:
D:1:      roderic_crop_circles_arrival_small, layout_basic, chequers_big_river
D:2:      layout_rooms, wad_floor_pattern_1, grunt_ministairs_7, uniq_sigmund,
          uniq_robin, uniq_crazy_yiuf_cottage
D:3:      layout_loops_ring, lemuel_crystal_altar, gup_sewer_entry_bowl,
          fedhas_altar_2
Sewer:    sewer_minmay_w

Skill      XL: |  1  2  3  4  5  6 |
---------------+-------------------+-----
Fighting       | 1 3 |  3.4
Conjurations   | 5 6 |  6.2
Spellcasting   | 3 |  3.5
Dodging        | |  1.7
Stealth        | |  1.7

Action                   |  1- 3 |  4- 6 || total
-------------------------+-------+-------++-------
Melee: Hand axe          |    50 |       ||    50
       Tailslap          |     3 |     1 ||     4
       Club              |       |    70 ||    70
 Cast: Magic Dart        |    48 |    90 ||   138
       Searing Ray       |     1 |     9 ||    10
  Use: Scroll            |       |     8 ||     8
       Potion            |       |     2 ||     2
  Eat: Chunk             |     2 |     7 ||     9
Armor: Skin              |    28 |    71 ||    99
Dodge: Dodged            |    39 |   106 ||   145

Table legend:
 A = Non-vault XP
 B = Vault XP
 C = Vault XP percentage of total XP
 D = Non-vault monster count
 E = Vault monster count
 F = Vault count percentage of total count
                 A         B        C        D         E       F
            +---------+---------+-------+---------+---------+-------
      Total |     139 |     425 |  75.4 |      51 |      50 |  49.5
            +---------+---------+-------+---------+---------+-------
        D:1 |      77 |      23 |  23.0 |      21 |       5 |  19.2
        D:2 |      58 |     280 |  82.8 |      27 |      10 |  27.0
        D:3 |       4 |       9 |  69.2 |       3 |       3 |  50.0
      Sewer |       0 |     113 | 100.0 |       0 |      32 | 100.0
            +---------+---------+-------+---------+---------+-------
